Map: Ghost River LE

Players

Dragonite - Winner!

  • Race: Protoss Protoss
  • League: Grandmaster
  • Spawn Location: 1:00

Sisyphos

  • Race: Zerg Zerg
  • League: Grandmaster
  • Spawn Location: 11:00

VOD

Have the link to the VOD?

Description

Time

  • Played on: July 28, 2024, 10:23 a.m.
  • Length: 4:55
Show
View Real Time Build Order
Export as new Build Order

Dragonite Protoss - Winner!

Build Orders: 1 Gate Expand, Dark Templar Rush 

Get SALT Encoding   

  12  0:00  Probe  
  13  0:12  Probe  
  14  0:19  Pylon  
  14  0:24  Probe  
  15  0:37  Probe (Chrono Boost)  
  15  0:41  Gateway  
  16  0:47  Probe (Chrono Boost), Assimilator  
  17  0:52  Probe (Chrono Boost)  
  18  1:03  Probe  
  19  1:16  Probe  
  20  1:23  Nexus  
  20  1:32  Cybernetics Core  
  20  1:36  Probe  
  21  1:41  Assimilator  
  21  1:49  Probe  
  21  1:50  Pylon  
  22  2:00  Probe  
  23  2:06  Adept (Chrono Boost)  
  23  2:08  Probe  
  23  2:09  Warp Gate  
  26  2:16  Probe  
  26  2:21  Twilight Council  
  27  2:27  Probe  
  27  2:29  Stalker (Chrono Boost)  
  28  2:36  Probe  
  31  2:39  Probe  
  32  2:48  Robotics Facility, Probe  
  33  2:52  Probe  
  34  3:00  Probe  
  34  3:03  Gateway  
  35  3:05  Probe  
  35  3:12  Probe  
  37  3:15  Dark Shrine  
  37  3:19  Gateway  
  37  3:25  Gateway  
  37  3:33  Warp Prism (Chrono Boost)  
  37  3:39  Probe x2  
  41  3:42  Assimilator  
  41  3:44  Assimilator  
  41  3:52  Probe x2  
  43  3:57  Pylon  
  43  4:00  Pylon  
  43  4:04  Probe x2  
  45  4:16  Probe x2  
  47  4:28  Dark Templar x3  
  47  4:29  Probe x2, Dark Templar  
  57  4:35  Pylon  
  57  4:36  Observer  
  58  4:41  Probe x2  
Show
View Real Time Build Order
Export as new Build Order

Sisyphos Zerg 

Build Orders: Hatch First 

Get SALT Encoding   

  12  0:00  Drone  
  13  0:12  Overlord  
  13  0:16  Drone  
  14  0:30  Drone x2  
  16  0:47  Hatchery  
  15  0:51  Drone  
  15  0:54  Drone  
  17  0:57  Drone  
  18  1:08  Extractor  
  17  1:14  Spawning Pool  
  17  1:16  Drone  
  17  1:18  Drone  
  18  1:28  Drone  
  19  1:40  Drone  
  20  1:52  Overlord  
  20  2:00  Queen x2  
  24  2:01  Zergling x4  
  26  2:11  Drone x2  
  26  2:12  Metabolic Boost  
  28  2:23  Drone x2  
  30  2:35  Hatchery  
  29  2:40  Queen  
  31  2:46  Overlord  
  31  2:49  Drone x2  
  33  2:52  Drone  
  33  2:54  Drone  
  35  3:00  Drone  
  36  3:06  Overlord  
  36  3:09  Queen  
  36  3:10  Drone  
  36  3:11  Drone  
  40  3:13  Drone  
  40  3:15  Drone  
  42  3:21  Queen  
  44  3:28  Drone x2, Spore Crawler  
  44  3:33  Drone  
  44  3:34  Drone  
  47  3:39  Overlord  
  48  3:44  Drone x4  
  48  3:47  Overlord  
  52  3:49  Queen  
  52  3:53  Overlord  
  54  3:58  Overlord  
  54  4:03  Zergling x8  
  54  4:09  Spore Crawler  
  57  4:10  Spore Crawler  
  57  4:12  Roach Warren  
  57  4:16  Spore Crawler  
  54  4:18  Zergling x4  
  56  4:28  Overlord  
  56  4:31  Overlord  
  56  4:37  Zergling x6  
Tags
 
Add a new tag
Caveats
  • Supply blocks, unpowered buildings, or Contaminate may cause inaccurate times.
  • Supply counts are checked every 10 seconds.